[Event "2nd Irena Warakomska Memorial-A"]
[Site "Suwalki"]
[Date "2018.08.07"]
[Round "8"]
[White "Mulet, Piotr"]
[Black "Harshini, A."]
[Result "0-1"]
[ECO "C30"]
[WhiteElo "2238"]
[BlackElo "2124"]
[Annotator "NA"]
[PlyCount "48"]
[EventDate "2018.08.01"]
[EventType "swiss"]
[EventCountry "POL"]
[SourceTitle "playchess.com"]
[Source "ChessBase"]
[SourceQuality "1"]
[TimeControl "40/5400+30:1800+30"]

1. e4 e5 2. f4 Nc6 3. Nf3 d6 4. Bc4 Bg4 5. O-O Qd7 6. h3 Bxf3 7. Qxf3 O-O-O 8. d3 Kb8 9. Nc3 f5 10. fxe5 Nd4 11. Qf2 dxe5 12. exf5 Bc5 13. Be3 Rf8 14. g4 h5 15. Ne4 Bb6 16. c3 hxg4 17. cxd4 Rxh3 18. Nc5 Bxc5 19. dxc5 Ne7 20. Rae1 Rfh8 21. Qg2 Nxf5 22. Bf2 g3 23. Be3 Nxe3 24. Rxe3 Rh1+ 0-1

[Event "2nd Irena Warakomska Memorial-A"]
[Site "Suwalki"]
[Date "2018.08.07"]
[Round "8"]
[White "Bukojemski, Adam"]
[Black "Popiol, Michal"]
[Result "0-1"]
[ECO "C11"]
[WhiteElo "2233"]
[BlackElo "2126"]
[Annotator "NA"]
[PlyCount "128"]
[EventDate "2018.08.01"]
[EventType "swiss"]
[EventCountry "POL"]
[SourceTitle "playchess.com"]
[Source "ChessBase"]
[SourceQuality "1"]
[TimeControl "40/5400+30:1800+30"]

1. e4 e6 2. d4 d5 3. Nc3 Nf6 4. e5 Nfd7 5. f4 c5 6. Nf3 Nc6 7. Be3 a6 8. Qd2 b5 9. dxc5 Bxc5 10. Bd3 Qb6 11. Bf2 Ra7 12. O-O Bxf2+ 13. Rxf2 Nc5 14. a3 b4 15. axb4 Qxb4 16. f5 exf5 17. Nxd5 Qxd2 18. Rxd2 Be6 19. c4 Nb3 20. Rdd1 Nxa1 21. Rxa1 O-O 22. Bc2 Rb8 23. Ba4 Nb4 24. Nxb4 Rxb4 25. b3 g6 26. Rd1 Rbb7 27. Rd8+ Kg7 28. Rd6 Bd7 29. Bxd7 Rxd7 30. c5 Re7 31. Nd4 Rac7 32. b4 a5 33. Nc6 Rxc6 34. Rxc6 axb4 35. Rb6 Rxe5 36. Rxb4 Rxc5 37. Kf2 Re5 38. Kf3 Kf6 39. Ra4 h6 40. h3 g5 41. Ra8 Kg7 42. Rb8 Ra5 43. Rb6 h5 44. Rb3 Re5 45. Rb8 Ra5 46. Rb3 h4 47. Rb4 Ra3+ 48. Kf2 Rg3 49. Rb5 Kg6 50. Rb6+ f6 51. Rb8 g4 52. Rg8+ Kf7 53. Rh8 gxh3 54. gxh3 Rxh3 55. Rh7+ Kg6 56. Rh8 Kg5 57. Kg2 Rg3+ 58. Kh2 f4 59. Rg8+ Kf5 60. Rh8 Rg4 61. Rh5+ Ke4 62. Kh3 f5 63. Rh8 f3 64. Re8+ Kf4 0-1

[Event "2nd Irena Warakomska Memorial-A"]
[Site "Suwalki"]
[Date "2018.08.07"]
[Round "8"]
[White "Godzwon, Iwo"]
[Black "Cukrowski, Filip"]
[Result "1/2-1/2"]
[ECO "B35"]
[WhiteElo "2222"]
[BlackElo "2404"]
[Annotator "NA"]
[PlyCount "53"]
[EventDate "2018.08.01"]
[EventType "swiss"]
[EventCountry "POL"]
[SourceTitle "playchess.com"]
[Source "ChessBase"]
[SourceQuality "1"]
[TimeControl "40/5400+30:1800+30"]

1. e4 c5 2. Nf3 Nc6 3. d4 cxd4 4. Nxd4 g6 5. Nc3 Bg7 6. Be3 Nf6 7. Bc4 Qa5 8. O-O O-O 9. Bb3 d6 10. h3 Bd7 11. Re1 Rac8 12. f4 Rfd8 13. Qf3 Qh5 14. Qf2 Na5 15. e5 dxe5 16. fxe5 Qxe5 17. Nf3 Qh5 18. Bxa7 Nxb3 19. axb3 Nd5 20. Nxd5 Qxd5 21. c4 Qf5 22. Bb6 Re8 23. Ra5 Qf4 24. Be3 Qc7 25. Bb6 Qf4 26. Be3 Qc7 27. Bb6 1/2-1/2

[Event "2nd Irena Warakomska Memorial-A"]
[Site "Suwalki"]
[Date "2018.08.07"]
[Round "8"]
[White "Sliwicki, Damian"]
[Black "Goluch, Piotr"]
[Result "1-0"]
[ECO "B11"]
[WhiteElo "2220"]
[BlackElo "2301"]
[Annotator "NA"]
[PlyCount "173"]
[EventDate "2018.08.01"]
[EventType "swiss"]
[EventCountry "POL"]
[SourceTitle "playchess.com"]
[Source "ChessBase"]
[SourceQuality "1"]
[TimeControl "40/5400+30:1800+30"]

1. e4 c6 2. Nc3 d5 3. Nf3 Bg4 4. h3 Bxf3 5. Qxf3 e6 6. d3 Nf6 7. Bd2 Nbd7 8. O-O-O Bb4 9. a3 Ba5 10. g4 d4 11. Ne2 Bxd2+ 12. Rxd2 Nc5 13. h4 Nfd7 14. Qg3 Qb6 15. Nxd4 Na4 16. Nb3 Ndc5 17. Be2 Nxb3+ 18. cxb3 Nc5 19. Bd1 Nxb3+ 20. Bxb3 Qxb3 21. Qe5 f6 22. Qh5+ g6 23. Qc5 Qb6 24. Qc3 O-O 25. h5 g5 26. f4 Qe3 27. fxg5 Qxg5 28. Qb3 Rfe8 29. h6 Re7 30. Qc3 e5 31. Kc2 Qxg4 32. Qc5 Qe6 33. Rg2+ Kh8 34. Rhg1 b6 35. Qf2 c5 36. Rg7 Rae8 37. Qf5 Qxf5 38. exf5 a6 39. a4 b5 40. a5 c4 41. dxc4 bxc4 42. Rxe7 Rxe7 43. Rd1 Kg8 44. Rd8+ Kf7 45. Rh8 Re8 46. Rxh7+ Kg8 47. Rg7+ Kh8 48. Ra7 e4 49. Rxa6 Re5 50. Rxf6 Rxa5 51. Re6 Rxf5 52. Rxe4 Kh7 53. Rxc4 Kxh6 54. Rg4 Kh5 55. Rg8 Rf3 56. b3 Kh6 57. Kb2 Kh7 58. Rg4 Rf8 59. Rg3 Rb8 60. Kc3 Rc8+ 61. Kb4 Rb8+ 62. Kc5 Rc8+ 63. Kd4 Rd8+ 64. Kc3 Rc8+ 65. Kb2 Rb8 66. Rg4 Kh6 67. b4 Kh5 68. Rd4 Kg5 69. Kb3 Kf5 70. Kc4 Ke5 71. Rd5+ Ke6 72. b5 Rc8+ 73. Rc5 Kd7 74. b6 Ra8 75. Kb5 Ra1 76. b7 Rb1+ 77. Ka6 Ra1+ 78. Kb6 Rb1+ 79. Ka7 Ra1+ 80. Kb8 Ra2 81. Rc1 Kd8 82. Rd1+ Ke7 83. Rd4 Ra1 84. Kc7 Rc1+ 85. Kb6 Rb1+ 86. Kc6 Rb2 87. Rd5 1-0

[Event "2nd Irena Warakomska Memorial-A"]
[Site "Suwalki"]
[Date "2018.08.07"]
[Round "8"]
[White "Zaika, Daniil"]
[Black "Oglaza, Oskar"]
[Result "1/2-1/2"]
[ECO "E10"]
[WhiteElo "2213"]
[BlackElo "2364"]
[Annotator "NA"]
[PlyCount "80"]
[EventDate "2018.08.01"]
[EventType "swiss"]
[EventCountry "POL"]
[SourceTitle "playchess.com"]
[Source "ChessBase"]
[SourceQuality "1"]
[TimeControl "40/5400+30:1800+30"]

1. d4 Nf6 2. c4 e6 3. Nf3 d5 4. g3 Bb4+ 5. Nbd2 O-O 6. Bg2 b6 7. O-O Bb7 8. Ne5 Nc6 9. Ndf3 Nxe5 10. Nxe5 Be7 11. b3 Rc8 12. Bb2 c5 13. dxc5 bxc5 14. Qc2 Qb6 15. e3 Rfd8 16. Rfd1 Ne8 17. cxd5 exd5 18. h4 Nf6 19. Rd2 Bd6 20. Rad1 Qc7 21. Qf5 Qe7 22. Ng4 Nxg4 23. Qxg4 d4 24. exd4 c4 25. bxc4 Bxg2 26. Kxg2 Rxc4 27. Qf3 Re8 28. d5 Qe4 29. Qxe4 Rexe4 30. Kf3 f5 31. Rc1 Rxc1 32. Bxc1 Rc4 33. Bb2 Kf7 34. Bd4 a5 35. Be3 Rb4 36. Rd4 Rb2 37. Rd2 Rb4 38. Ke2 f4 39. gxf4 Bxf4 40. d6 Ke8 1/2-1/2

[Event "2nd Irena Warakomska Memorial-A"]
[Site "Suwalki"]
[Date "2018.08.07"]
[Round "8"]
[White "Fus, Jakub"]
[Black "Rahul, Srivatshav P"]
[Result "0-1"]
[ECO "E73"]
[WhiteElo "2210"]
[BlackElo "2388"]
[Annotator "NA"]
[PlyCount "82"]
[EventDate "2018.08.01"]
[EventType "swiss"]
[EventCountry "POL"]
[SourceTitle "playchess.com"]
[Source "ChessBase"]
[SourceQuality "1"]
[TimeControl "40/5400+30:1800+30"]

1. d4 Nf6 2. c4 g6 3. Nc3 Bg7 4. e4 d6 5. Be2 O-O 6. Bg5 Na6 7. f4 c6 8. Bf3 Nc7 9. Nge2 d5 10. cxd5 cxd5 11. e5 Ne4 12. Nxe4 dxe4 13. Bxe4 Bg4 14. O-O f6 15. exf6 exf6 16. Bh4 Re8 17. Bf3 Qd7 18. Nc3 Bxf3 19. Rxf3 f5 20. Rd3 Ne6 21. Qd2 b5 22. Bf2 Rac8 23. a3 a5 24. Ne2 a4 25. Nc3 Rc4 26. Rd1 Rd8 27. Ne2 Rdc8 28. Rc3 Qd6 29. Be3 Rxc3 30. Nxc3 b4 31. axb4 Qxb4 32. d5 Rd8 33. d6 a3 34. Qd5 Kf7 35. Na2 Qxb2 36. Rc1 Bd4 37. Re1 Qd2 38. Qb7+ Kg8 39. Rf1 Bxe3+ 40. Kh1 Qxa2 41. Qe7 Qd5 0-1

[Event "2nd Irena Warakomska Memorial-A"]
[Site "Suwalki"]
[Date "2018.08.07"]
[Round "8"]
[White "Zgadzaj, Rafal"]
[Black "Debarshi, Mukherjee"]
[Result "0-1"]
[ECO "A05"]
[WhiteElo "2154"]
[BlackElo "2308"]
[Annotator "NA"]
[PlyCount "152"]
[EventDate "2018.08.01"]
[EventType "swiss"]
[EventCountry "POL"]
[SourceTitle "playchess.com"]
[Source "ChessBase"]
[SourceQuality "1"]
[TimeControl "40/5400+30:1800+30"]

1. Nf3 Nf6 2. c4 g6 3. b3 Bg7 4. Bb2 O-O 5. g3 d5 6. Bg2 c5 7. cxd5 Nxd5 8. Bxg7 Kxg7 9. O-O Nc6 10. d4 cxd4 11. Nxd4 Qb6 12. Nxc6 bxc6 13. Na3 Ba6 14. Nc4 Bxc4 15. bxc4 Nf6 16. Qa4 Rac8 17. Rab1 Qc5 18. Qb4 Nd7 19. Qc3+ Ne5 20. e3 f6 21. Qd4 Qa5 22. Rb7 Rc7 23. Rxc7 Qxc7 24. Qc5 Rc8 25. Rd1 Nf7 26. Bh3 Rd8 27. Rxd8 Nxd8 28. Bg2 Kf8 29. Qd4 c5 30. Qd5 e6 31. Qa8 Kg7 32. h3 Kf7 33. Bf3 Ke7 34. Bg2 f5 35. e4 Qa5 36. exf5 gxf5 37. Qb8 Qb6 38. Qc8 Kd6 39. Kh2 Qc7 40. Qa8 Ke7 41. Qf3 Nf7 42. Qc3 Qd8 43. a4 Qb8 44. Qe3 Qe5 45. Qb3 a5 46. Qb6 Qd4 47. Qxa5 Qxf2 48. Qc7+ Kf6 49. Qb8 e5 50. Qa8 e4 51. Qc6+ Kg7 52. h4 e3 53. Qf3 Qd2 54. Qf4 Qd4 55. Qxd4+ cxd4 56. Bf1 Ne5 57. Kg2 d3 58. Bxd3 Nxd3 59. Kf3 Ne5+ 60. Kxe3 Nxc4+ 61. Kd4 Na5 62. Ke5 Kg6 63. Ke6 Nc4 64. h5+ Kg5 65. h6 Kg6 66. Ke7 Kxh6 67. Kf6 Ne3 68. a5 Kh5 69. a6 Kg4 70. a7 Nd5+ 71. Ke5 Nc7 72. Kf6 Kxg3 73. Ke7 f4 74. Kd7 Na8 75. Kc6 f3 76. Kb7 f2 0-1

[Event "2nd Irena Warakomska Memorial-A"]
[Site "Suwalki"]
[Date "2018.08.07"]
[Round "8"]
[White "Praczukowski, Stanislaw"]
[Black "Kowalski, Igor"]
[Result "1/2-1/2"]
[ECO "C47"]
[WhiteElo "2136"]
[BlackElo "2323"]
[Annotator "NA"]
[PlyCount "44"]
[EventDate "2018.08.01"]
[EventType "swiss"]
[EventCountry "POL"]
[SourceTitle "playchess.com"]
[Source "ChessBase"]
[SourceQuality "1"]
[TimeControl "40/5400+30:1800+30"]

1. e4 e5 2. Nf3 Nc6 3. Nc3 Nf6 4. d4 exd4 5. Nxd4 Bb4 6. Nxc6 bxc6 7. Bd3 d5 8. exd5 cxd5 9. O-O c6 10. Bg5 O-O 11. Qf3 h6 12. Bxf6 Qxf6 13. Qxf6 gxf6 14. Ne2 Bd6 15. Ng3 Rb8 16. b3 Re8 17. Nf5 Bxf5 18. Bxf5 Kf8 19. Rfe1 Rxe1+ 20. Rxe1 Re8 21. Kf1 Rxe1+ 22. Kxe1 Ke7 1/2-1/2

[Event "2nd Irena Warakomska Memorial-A"]
[Site "Suwalki"]
[Date "2018.08.07"]
[Round "8"]
[White "Kuchava, Ana"]
[Black "Ocytko, Andrzej"]
[Result "1-0"]
[ECO "E12"]
[WhiteElo "2124"]
[BlackElo "2155"]
[Annotator "NA"]
[PlyCount "121"]
[EventDate "2018.08.01"]
[EventType "swiss"]
[EventCountry "POL"]
[SourceTitle "playchess.com"]
[Source "ChessBase"]
[SourceQuality "1"]
[TimeControl "40/5400+30:1800+30"]

1. d4 Nf6 2. Nf3 e6 3. c4 b6 4. a3 Bb7 5. Nc3 d5 6. cxd5 exd5 7. Bg5 Be7 8. e3 O-O 9. Bd3 Nbd7 10. O-O h6 11. Bf4 Nh5 12. Be5 Nhf6 13. Bf4 Nh5 14. Be5 Nhf6 15. Bf4 c5 16. h3 c4 17. Bb1 a6 18. Qc2 b5 19. Ne5 Re8 20. g4 Nf8 21. Bh2 Bd6 22. Ba2 Qb6 23. b3 Rac8 24. Rfb1 Qc7 25. Ne2 N6d7 26. Nf3 Bxh2+ 27. Nxh2 Nf6 28. b4 Ne4 29. Nc3 Nd7 30. Nf1 Bc6 31. f3 Nxc3 32. Qxc3 a5 33. a4 axb4 34. Rxb4 bxa4 35. Bb1 Rb8 36. Bc2 Qa5 37. Rxc4 Qxc3 38. Rxc3 Bb5 39. Bxa4 Bxa4 40. Rxa4 Rb1 41. Ra2 Nf6 42. Rac2 Re7 43. Kf2 g6 44. Ng3 Kg7 45. Rc7 Re6 46. R2c6 Re8 47. Ra7 Rb2+ 48. Ne2 Rb3 49. Rcc7 Rf8 50. Nf4 Kg8 51. Rc6 g5 52. Ne2 Nh7 53. Ra2 Re8 54. Rc3 Rb6 55. Ng3 Nf6 56. Rac2 Rbe6 57. Nf5 h5 58. Rc7 Nh7 59. gxh5 Nf6 60. Nh6+ Kg7 61. Nxf7 1-0

[Event "2nd Irena Warakomska Memorial-A"]
[Site "Suwalki"]
[Date "2018.08.07"]
[Round "8"]
[White "Walkusz, Witoslaw"]
[Black "Sowul, Bartosz"]
[Result "1-0"]
[ECO "B39"]
[WhiteElo "2121"]
[BlackElo "2257"]
[Annotator "NA"]
[PlyCount "85"]
[EventDate "2018.08.01"]
[EventType "swiss"]
[EventCountry "POL"]
[SourceTitle "playchess.com"]
[Source "ChessBase"]
[SourceQuality "1"]
[TimeControl "40/5400+30:1800+30"]

1. e4 c5 2. Nf3 g6 3. d4 cxd4 4. Nxd4 Bg7 5. c4 Nc6 6. Be3 Nf6 7. Nc3 Ng4 8. Qxg4 Nxd4 9. Qd1 e5 10. Bd3 O-O 11. O-O d6 12. Qd2 Be6 13. Rac1 a6 14. f3 Rc8 15. b3 Qe7 16. Rfd1 Rc6 17. Ne2 Nxe2+ 18. Bxe2 Rfc8 19. a4 f5 20. exf5 gxf5 21. f4 e4 22. Bd4 d5 23. Bxg7 Qxg7 24. Rc3 Kh8 25. Rg3 Qf6 26. cxd5 Rc2 27. Qe3 Bd7 28. Bf1 b5 29. axb5 axb5 30. d6 Ra2 31. h3 Qb2 32. Qb6 Re8 33. Bxb5 e3 34. Bxd7 e2 35. Re1 Ra1 36. Qb4 Rea8 37. Be6 h6 38. d7 Rd1 39. Qc3+ Qxc3 40. Rxc3 Rxe1+ 41. Kf2 Rd1 42. Rc8+ Kg7 43. Kxe2 1-0

[Event "2nd Irena Warakomska Memorial-A"]
[Site "Suwalki"]
[Date "2018.08.07"]
[Round "8"]
[White "Tarun, V Kanth"]
[Black "Schippers, Maurice"]
[Result "1/2-1/2"]
[ECO "D35"]
[WhiteElo "2102"]
[BlackElo "2303"]
[Annotator "NA"]
[PlyCount "79"]
[EventDate "2018.08.01"]
[EventType "swiss"]
[EventCountry "POL"]
[SourceTitle "playchess.com"]
[Source "ChessBase"]
[SourceQuality "1"]
[TimeControl "40/5400+30:1800+30"]

1. d4 d5 2. c4 e6 3. Nc3 Nf6 4. cxd5 exd5 5. Bg5 Be7 6. e3 c6 7. Bd3 O-O 8. Qc2 h6 9. Bh4 Re8 10. Nge2 Nbd7 11. f3 c5 12. O-O Nf8 13. Rad1 c4 14. Bf5 Be6 15. Bxe6 fxe6 16. e4 g5 17. Bg3 Qd7 18. f4 Nh5 19. f5 exf5 20. Nxd5 fxe4 21. Qxc4 Qe6 22. Qb3 Rac8 23. Be5 Ng6 24. Ng3 Nxg3 25. Nf6+ Bxf6 26. Rxf6 Ne2+ 27. Kf2 Qxb3 28. Rxg6+ Kf7 29. Rf6+ Ke7 30. axb3 Rc2 31. Ke3 Nf4 32. Kxe4 Rxb2 33. Rxh6 Rxb3 34. Rc1 Nxg2 35. Rc7+ Kd8 36. Rhh7 Rf8 37. Bd6 Re8+ 38. Kf5 Ne3+ 39. Kxg5 Rg8+ 40. Rcg7 1/2-1/2

[Event "2nd Irena Warakomska Memorial-A"]
[Site "Suwalki"]
[Date "2018.08.07"]
[Round "8"]
[White "Dmochowska, Agnieszka"]
[Black "Roy, Prantik"]
[Result "0-1"]
[ECO "C42"]
[WhiteElo "2096"]
[BlackElo "2377"]
[Annotator "NA"]
[PlyCount "214"]
[EventDate "2018.08.01"]
[EventType "swiss"]
[EventCountry "POL"]
[SourceTitle "playchess.com"]
[Source "ChessBase"]
[SourceQuality "1"]
[TimeControl "40/5400+30:1800+30"]

1. e4 e5 2. Nf3 Nf6 3. Nxe5 d6 4. Nf3 Nxe4 5. d4 d5 6. Bd3 Be7 7. O-O O-O 8. Nc3 Bf5 9. Re1 Nxc3 10. bxc3 Bxd3 11. Qxd3 Nd7 12. c4 dxc4 13. Qxc4 Nb6 14. Qd3 Re8 15. c4 Bf6 16. Rxe8+ Qxe8 17. Bg5 Bxg5 18. Nxg5 g6 19. Rc1 Rd8 20. Qh3 h5 21. Qe3 Qd7 22. Qf4 Qe7 23. h4 Nc8 24. g3 Nd6 25. d5 Nf5 26. Rb1 b6 27. Kg2 Re8 28. Rc1 Qc5 29. Rc2 a5 30. Qf3 Re7 31. Qd3 Nd6 32. a3 Nf5 33. Rd2 Re1 34. Qc3 Re7 35. Rb2 Nd6 36. Rc2 b5 37. cxb5 Qxd5+ 38. Qf3 Qxb5 39. Rc1 Nf5 40. Qc6 Qb2 41. Qc3 Qe2 42. Kg1 a4 43. Rb1 Nd6 44. Qd4 Qc2 45. Rb2 Re1+ 46. Kg2 Qc6+ 47. Nf3 Re4 48. Qf6 Re6 49. Rb8+ Ne8 50. Qb2 Kh7 51. Qb7 Qxb7 52. Rxb7 Kg7 53. Rb4 Ra6 54. Rc4 Ra5 55. Nd4 Kf8 56. Kf3 Ra6 57. Nb5 Rf6+ 58. Ke3 Re6+ 59. Kf3 Rf6+ 60. Ke3 Rb6 61. Nd4 Ra6 62. Nb5 Nd6 63. Nxd6 cxd6 64. Kd4 Ke7 65. Kd5 Kd7 66. Rb4 Ra5+ 67. Kd4 Ke6 68. Rc4 Kf5 69. f3 f6 70. Kd3 g5 71. g4+ Kg6 72. gxh5+ Kxh5 73. hxg5 Kxg5 74. Rd4 d5 75. Ke3 Kf5 76. Kd3 Ke5 77. Rb4 Ra6 78. Ke3 Ra8 79. Kd3 Kd6 80. Ke3 Kc5 81. Kd3 Ra6 82. Rf4 f5 83. Rb4 Ra8 84. Rf4 Rb8 85. Rxa4 Rb3+ 86. Ke2 d4 87. Ra8 Rb2+ 88. Kd3 Rb3+ 89. Ke2 Re3+ 90. Kd2 Rxf3 91. a4 Ra3 92. a5 f4 93. a6 f3 94. Rf8 Ra2+ 95. Kd1 f2 96. a7 Rxa7 97. Rc8+ Kd5 98. Ke2 Rf7 99. Rd8+ Ke5 100. Re8+ Kd6 101. Kf1 Kd5 102. Ra8 Ke4 103. Ra2 d3 104. Rxf2 Rxf2+ 105. Kxf2 Kf4 106. Kf1 Kf3 107. Ke1 Ke3 0-1

[Event "2nd Irena Warakomska Memorial-A"]
[Site "Suwalki"]
[Date "2018.08.07"]
[Round "8"]
[White "Wacior, Maciej"]
[Black "Lewtak, Dominik"]
[Result "1-0"]
[ECO "A40"]
[WhiteElo "2081"]
[BlackElo "2164"]
[Annotator "NA"]
[PlyCount "63"]
[EventDate "2018.08.01"]
[EventType "swiss"]
[EventCountry "POL"]
[SourceTitle "playchess.com"]
[Source "ChessBase"]
[SourceQuality "1"]
[TimeControl "40/5400+30:1800+30"]

1. d4 g6 2. Bf4 Bg7 3. e3 d6 4. Nf3 Nd7 5. c3 e5 6. Bg3 Qe7 7. a4 a5 8. Na3 Nh6 9. h3 O-O 10. Be2 Nf5 11. Bh2 Nb6 12. O-O Bd7 13. Nc4 e4 14. Nxb6 cxb6 15. Nd2 d5 16. Qb3 Bh6 17. Kh1 Qe6 18. c4 Nxd4 19. exd4 Bxd2 20. cxd5 Qf6 21. Be5 Qh4 22. Qxb6 Bf4 23. Ra3 Bf5 24. g4 e3 25. Bxf4 Qxh3+ 26. Kg1 Ra6 27. Qxb7 Be4 28. f3 g5 29. Bh2 Rf6 30. Rxe3 Bg6 31. Qc7 h5 32. Qg3 1-0

[Event "2nd Irena Warakomska Memorial-A"]
[Site "Suwalki"]
[Date "2018.08.07"]
[Round "8"]
[White "Lisowski, Krzysztof"]
[Black "Sliwerski, Radoslaw"]
[Result "1/2-1/2"]
[ECO "B51"]
[WhiteElo "2072"]
[BlackElo "1990"]
[Annotator "NA"]
[PlyCount "119"]
[EventDate "2018.08.01"]
[EventType "swiss"]
[EventCountry "POL"]
[SourceTitle "playchess.com"]
[Source "ChessBase"]
[SourceQuality "1"]
[TimeControl "40/5400+30:1800+30"]

1. e4 c5 2. Nf3 d6 3. Bb5+ Nd7 4. Ba4 a6 5. c4 Ngf6 6. O-O g6 7. Nc3 Bg7 8. d3 O-O 9. h3 h6 10. Be3 e5 11. Qd2 Kh7 12. Rab1 Nb6 13. Bc2 a5 14. b3 Nh5 15. Nh2 Nf4 16. Ne2 f5 17. f3 Nxe2+ 18. Qxe2 f4 19. Bf2 h5 20. a3 Nd7 21. b4 axb4 22. axb4 b6 23. Ra1 Rxa1 24. Rxa1 Qc7 25. Bd1 Bb7 26. Qb2 Ra8 27. Rxa8 Bxa8 28. Qa3 Bc6 29. Nf1 Bf6 30. Nd2 Qb7 31. Nb1 Qa8 32. Qxa8 Bxa8 33. Ba4 Nb8 34. Nc3 Bc6 35. Bb3 Be7 36. Kf1 g5 37. Ke2 Kg6 38. Kd1 Bd7 39. Nd5 Bd8 40. Kd2 g4 41. hxg4 hxg4 42. fxg4 Kg5 43. Bd1 Bxg4 44. Ba4 Bd7 45. Bd1 Be6 46. Kc3 Nc6 47. b5 Ne7 48. Nxe7 Bxe7 49. Kd2 Bg4 50. Bf3 Kh5 51. Ke2 Bh4 52. Bg1 Bg3 53. Kf1 Kh4 54. Ke2 Bxf3+ 55. Kxf3 Kh5 56. Be3 Be1 57. Bc1 Bc3 58. g3 fxg3 59. Kxg3 Be1+ 60. Kh3 1/2-1/2

[Event "2nd Irena Warakomska Memorial-A"]
[Site "Suwalki"]
[Date "2018.08.07"]
[Round "8"]
[White "Maj, Pawel"]
[Black "Jaroch, Karol"]
[Result "1/2-1/2"]
[ECO "E08"]
[WhiteElo "2071"]
[BlackElo "2222"]
[Annotator "NA"]
[PlyCount "61"]
[EventDate "2018.08.01"]
[EventType "swiss"]
[EventCountry "POL"]
[SourceTitle "playchess.com"]
[Source "ChessBase"]
[SourceQuality "1"]
[TimeControl "40/5400+30:1800+30"]

1. c4 e6 2. g3 Nf6 3. Bg2 Be7 4. Nf3 O-O 5. O-O d5 6. d4 Nbd7 7. Qc2 c5 8. dxc5 Nxc5 9. Rd1 b6 10. Nc3 Bb7 11. Bg5 Rc8 12. cxd5 Nxd5 13. Bxe7 Qxe7 14. Rd4 Nxc3 15. Qxc3 e5 16. Qe3 Rce8 17. Rd2 f5 18. Rad1 f4 19. gxf4 Rxf4 20. a3 Re4 21. Qg5 Qxg5 22. Nxg5 Rg4 23. Nf3 Rxg2+ 24. Kxg2 e4 25. b4 exf3+ 26. exf3 Ne6 27. Rd7 Bc6 28. Rxa7 Rf8 29. Rd6 Bxf3+ 30. Kf1 Nf4 31. Rdd7 1/2-1/2

[Event "2nd Irena Warakomska Memorial-A"]
[Site "Suwalki"]
[Date "2018.08.07"]
[Round "8"]
[White "Fiedorek, Michal"]
[Black "Paszewski, Mateusz"]
[Result "1/2-1/2"]
[ECO "B16"]
[WhiteElo "1970"]
[BlackElo "2274"]
[Annotator "NA"]
[PlyCount "90"]
[EventDate "2018.08.01"]
[EventType "swiss"]
[EventCountry "POL"]
[SourceTitle "playchess.com"]
[Source "ChessBase"]
[SourceQuality "1"]
[TimeControl "40/5400+30:1800+30"]

1. e4 c6 2. d4 d5 3. Nc3 dxe4 4. Nxe4 Nf6 5. Nxf6+ gxf6 6. c3 h5 7. Be2 h4 8. h3 Bf5 9. Bf4 Nd7 10. Nf3 e6 11. Qb3 Qb6 12. Nd2 Bh6 13. Bxh6 Qxb3 14. axb3 Rxh6 15. Nc4 Ke7 16. Bf3 a6 17. b4 Rb8 18. O-O-O Kd8 19. b3 Kc7 20. Kb2 Rg8 21. Ne3 Bg6 22. g4 hxg3 23. fxg3 f5 24. g4 fxg4 25. hxg4 Rxh1 26. Rxh1 e5 27. Re1 Rh8 28. Rh1 Re8 29. Re1 Rh8 30. Rh1 Re8 31. Re1 Rd8 32. Nc4 exd4 33. cxd4 Rh8 34. Re7 Rh2+ 35. Kc1 Kd8 36. Re2 Rxe2 37. Bxe2 Nf6 38. Bf3 Kc7 39. Kd2 Nh7 40. Bd1 Ng5 41. Ke3 f6 42. Kf4 Bh7 43. Ke3 Bg6 44. Kf4 Bh7 45. Ke3 Bg6 {[%emt 0:07:32] Ke4} 1/2-1/2

[Event "2nd Irena Warakomska Memorial-A"]
[Site "Suwalki"]
[Date "2018.08.08"]
[Round "9"]
[White "Cukrowski, Filip"]
[Black "Sliwicki, Damian"]
[Result "1/2-1/2"]
[ECO "C84"]
[WhiteElo "2404"]
[BlackElo "2220"]
[Annotator "RC"]
[PlyCount "132"]
[EventDate "2018.08.01"]
[EventType "swiss"]
[EventCountry "POL"]
[SourceTitle "playchess.com"]
[Source "ChessBase"]
[SourceQuality "1"]
[TimeControl "40/5400+30:1800+30"]

1. e4 e5 2. Nf3 Nc6 3. Bb5 a6 4. Ba4 Nf6 5. O-O Be7 6. d3 b5 7. Bb3 d6 8. a3 Na5 9. Ba2 c5 10. h3 O-O 11. Nc3 Be6 12. Bg5 h6 13. Bxf6 Bxf6 14. b4 Nc6 15. Nd5 Rc8 16. c3 Bxd5 17. Bxd5 Ne7 18. Qb3 Qd7 19. Ra2 Ng6 20. a4 Nf4 21. axb5 axb5 22. bxc5 dxc5 23. Rb1 Nxd5 24. Qxd5 Qxd5 25. exd5 c4 26. dxc4 bxc4 27. Nd2 Rfd8 28. Ra5 Be7 29. Kf1 f5 30. g4 Bg5 31. Rb2 Bxd2 32. Rxd2 fxg4 33. hxg4 Rd6 34. Re2 Rf8 35. Re4 Rf3 36. Rxc4 Rdf6 37. Ra2 Rd3 38. Rc8+ Kh7 39. c4 e4 40. Re2 Rf4 41. Re8 Rd1+ 42. Re1 Rd4 43. d6 Rxd6 44. R8xe4 Rd4 45. Rxd4 Rxd4 46. Rc1 Rxg4 47. Ke2 Rd4 48. Ke3 Rd8 49. Ke4 Kg6 50. Ke5 Kf7 51. c5 Ke7 52. Ra1 h5 53. c6 Rd2 54. Ra7+ Kd8 55. f4 Rg2 56. Kd6 Rd2+ 57. Ke6 Rg2 58. Ra5 g6 59. Ra7 Rf2 60. Kd6 Rd2+ 61. Ke5 Re2+ 62. Kd5 Rd2+ 63. Ke6 Re2+ 64. Kf6 Re4 65. Kg5 Re6 66. Rh7 Rxc6 1/2-1/2